 Dungeon Crawl Stone Soup version 0.26-a0-540-g8a0c9464d7 (webtiles) character file.

Game seed: 1033880176480316394

62 kae the Ruffian (level 3, -3/28 HPs)
             Began as a Demonspawn Gladiator on Aug 24, 2020.
             Killed from afar by an orc wizard (5 damage)
             ... with a magic dart
             ... on level 3 of the Dungeon.
             The game lasted 00:01:50 (1901 turns).

kae the Ruffian (Demonspawn Gladiator)              Turns: 1901, Time: 00:01:50

Health: -3/28      AC:  6    Str: 15    XL:     3   Next: 85%
Magic:  3/3        EV: 12    Int:  9    God:
Gold:   39         SH:  0    Dex: 14    Spells: 2/2 levels left

rFire    . . .     SeeInvis .   j - +0 mace (curse)
rCold    . . .     Faith    .   (no shield)
rNeg     . . .     Spirit   .   a - +0 leather armour
rPois    .         Reflect  .   b - +1 helmet
rElec    .         Harm     .   m - +0 cloak
rCorr    .                      (no gloves)
MR       .....                  (no boots)
Stlth    +.........             (no amulet)
HPRegen  0.09/turn              (no ring)
MPRegen  0.08/turn              (no ring)

@: mighty
A: powered by pain 2
a: no special abilities


You were on level 3 of the Dungeon.
You visited 1 branch of the dungeon, and saw 3 of its levels.

You collected 39 gold pieces.

Inventory:

Hand Weapons
 j - a cursed +0 mace (weapon)
Missiles
 c - 3 throwing nets (quivered)
Armour
 a - a +0 leather armour (worn)
 b - a +1 helmet (worn)
 m - a +0 cloak (worn)
Jewellery
 f - a +6 ring of strength {unknown}
 k - an uncursed ring of stealth {unknown}
Scrolls
 d - a scroll of identify
 n - a scroll of fog
Potions
 e - a potion of magic


   Skills:
 + Level 2.9 Fighting
 - Level 1.7 Throwing
 - Level 2.6 Dodging
 * Level 3.9 Unarmed Combat


You had 2 spell levels left.
You didn't know any spells.
Your spell library was empty.

Dungeon Overview and Level Annotations

Branches:
Dungeon (3/15)

Altars:
Elyvilon


Innate Abilities, Weirdness & Mutations

You sometimes gain power by taking damage.


Message History

You hit the orc wizard but do no damage.
The orc wizard is heavily wounded.
The orc wizard gestures at you while chanting.
The magic dart hits you.
* * * LOW HITPOINT WARNING * * *
The orc wizard hits you but does no damage.
You completely miss the orc wizard. Your punch misses the orc wizard.
The orc wizard is heavily wounded.
The orc wizard closely misses you.
You feel very mighty all of a sudden. The orc wizard casts a spell at you.
The puff of frost hits you.
* * * LOW HITPOINT WARNING * * *
You hit the orc wizard.
The orc wizard is heavily wounded.
The orc wizard hits you but does no damage.
An adder comes into view.
The orc wizard gestures at you while chanting.
The magic dart hits you.
You die...

*,,,,,,,,* *,,*
*,,,,,,,,*********######*,,*
*,,,,,,,,,,,,,,,.*$......,,*
*,,,,,,,,,,,,,,,.#.......,,*
#####.#**,,,,,,,,.........,,*
......# *********#........,,*
.###### #........,,*
.#################.....#**,,*****
................@oo...>+,,,,,,,,,
.#####.####.######S....#*********
.# #.#* #.# #.....# .# *..# #.#
#.....#********* )# *#.###.#
*#...S....,,,,,,* .# ##..##.#
*.........,,***,* .#####...##.#
*.........,,* *,* ..##........#
**.....#...,,***,*
.)##.#...##.#***.....###..,,,**,*


You could see an orc wizard, 2 adders and an orc.

Vanquished Creatures
  2 adders (D:2)
  An ooze (D:2)
  A leopard gecko (D:2)
  3 orcs (D:3)
  3 bats
  2 giant cockroaches
  6 goblins
  2 hobgoblins (D:1)
  4 jackals (D:1)
  2 frilled lizards
  4 kobolds
  3 rats
33 creatures vanquished.

Notes
Turn   | Place    | Note
-------+----------+-------------------------------------------
     0 | D:1      | kae the Demonspawn Gladiator began the quest for the Orb.
     0 | D:1      | Reached XP level 1. HP: 16/16 MP: 1/1
   280 | D:1      | Reached skill level 3 in Unarmed Combat
   317 | D:1      | Gained mutation: You sometimes gain a little power by
                  | taking damage. [demonic ancestry]
   317 | D:1      | Reached XP level 2. HP: 21/22 MP: 2/2
  1030 | D:2      | Gained mutation: You sometimes gain power by taking damage.
                  | [demonic ancestry]
  1030 | D:2      | Reached XP level 3. HP: 25/28 MP: 3/3
  1854 | D:3      | Found a white marble altar of Elyvilon.
  1901 | D:3      | Killed from afar by an orc wizard

Illustrated notes

Levels and vault maps discovered:
D:1:      roderic_dead_forest, layout_basic, minmay_misc_feat_x
D:2:      layout_loops_cross
D:3:      layout_basic, nicolae_dithmenos_shadow_blocks, elyvilon_altar_5

Skill      XL: |  1 |
---------------+----+-----
Unarmed Combat | 3 |  3.9
Fighting       | |  2.9
Throwing       | |  1.7
Dodging        | |  2.6

Action                   || total
-------------------------++-------
Melee: Unarmed           ||    37
       Mace              ||    77
       Punch             ||     1
  Use: Scroll            ||     7
       Potion            ||     1
 Stab: Sleeping          ||     1
Armor: Leather armour    ||    46
Dodge: Dodged            ||   103

Table legend: (Time is in decaauts)
 A = Elapsed time spent in this place.
 B = Non-inter-level travel time spent in this place.
 C = Inter-level travel time spent in this place.
 D = Time resting spent in this place.
 E = Time spent auto-exploring this place.
 F = Levels seen in this place.
 G = Mean time per level.
                   A        B        C        D        E       F      G
               +--------+--------+--------+--------+--------+-----+--------+
         Total |   1928 |   1844 |     84 |      0 |   1560 |   3 |  642.7 |
       Dungeon |   1928 |   1844 |     84 |      0 |   1560 |   3 |  642.7 |
               +--------+--------+--------+--------+--------+-----+--------+

Top non-repeatable levels by time:
     D:2: 846 daAuts
     D:1: 795 daAuts
     D:3: 286 daAuts
